Map: Data-C

Players

gigabitte - Winner!

  • Race: Terran Terran
  • League: Diamond
  • Spawn Location: 9:00

nonstickpan

  • Race: Zerg Zerg
  • League: Diamond
  • Spawn Location: 3:00

VOD

Have the link to the VOD?

Description

Mass PF turtle terran

Time

  • Played on: Nov. 27, 2022, 3:20 p.m.
  • Length: 16:28
Show
View Real Time Build Order
Export as new Build Order

gigabitte Terran - Winner!

Build Orders: Liberator Opening 

Get SALT Encoding   

  12  0:00  SCV  
  13  0:16  Supply Depot  
  13  0:17  SCV  
  14  0:29  SCV  
  15  0:39  Barracks  
  15  0:41  SCV  
  16  0:53  SCV, Refinery  
  16  0:57  Refinery  
  17  1:05  SCV  
  18  1:17  SCV  
  19  1:26  Marine  
  19  1:27  Supply Depot  
  19  1:29  SCV  
  21  1:38  Factory  
  21  1:41  SCV  
  21  1:43  Marine  
  23  1:55  SCV  
  24  2:07  Barracks Tech Lab  
  24  2:15  SCV  
  25  2:27  Orbital Command  
  25  2:33  Siege Tank  
  28  2:42  Starport  
  28  2:44  Barracks Reactor  
  28  2:55  SCV  
  29  3:01  Command Center  
  29  3:13  SCV  
  29  3:17  Supply Depot  
  30  3:37  Command Center  
  30  3:47  Liberator x2  
  36  3:56  Engineering Bay  
  36  4:18  SCV  
  36  4:19  Refinery  
  37  4:27  Refinery  
  37  4:30  Liberator x2  
  42  4:52  Planetary Fortress  
  42  5:00  SCV x2  
  44  5:12  SCV x2  
  46  5:24  SCV x2  
  48  5:34  SCV  
  46  5:36  SCV x2  
  46  5:37  Liberator  
  51  5:47  SCV  
  51  5:48  SCV  
  44  5:58  SCV  
  44  5:59  SCV, Liberator  
  49  6:05  SCV  
  49  6:11  SCV  
  52  6:13  Command Center  
  52  6:15  Neosteel Armor  
  52  6:17  SCV  
  52  6:22  Engineering Bay  
  52  6:23  SCV  
  52  6:24  Barracks Tech Lab  
  53  6:28  Refinery  
  53  6:29  SCV  
  54  6:33  Supply Depot x2  
  54  6:35  SCV, Supply Depot  
  54  6:37  Planetary Fortress  
  55  6:41  SCV  
  56  6:47  SCV  
  56  6:53  SCV  
  58  6:59  SCV  
  59  7:05  SCV  
  59  7:07  Missile Turret  
  60  7:09  Missile Turret  
  60  7:11  SCV  
  60  7:13  SCV  
  62  7:17  SCV  
  63  7:23  SCV  
  63  7:25  SCV  
  63  7:29  SCV  
  63  7:32  Liberator x2  
  63  7:35  SCV  
  67  7:37  Stimpack, SCV  
  67  7:40  Barracks  
  67  7:42  SCV  
  69  7:48  SCV  
  69  7:49  SCV, Missile Turret  
  69  7:51  Missile Turret  
  71  7:52  Missile Turret  
  71  7:54  SCV  
  71  7:58  Refinery  
  72  8:00  SCV, Missile Turret  
  72  8:01  SCV  
  72  8:03  Missile Turret  
  72  8:04  Missile Turret  
  74  8:06  SCV  
  74  8:07  Missile Turret  
  74  8:08  Hi-Sec Auto Tracking  
  74  8:12  SCV  
  76  8:13  SCV  
  76  8:15  Refinery  
  76  8:18  SCV  
  78  8:23  Liberator x2  
  78  8:24  SCV  
  78  8:25  SCV  
  86  8:30  SCV  
  87  8:36  SCV  
  87  8:38  SCV  
  89  8:42  SCV  
  89  8:44  Supply Depot x2  
  89  8:48  SCV  
  85  8:57  Barracks Tech Lab  
  85  9:04  Barracks x2  
  85  9:05  Barracks x2  
  85  9:06  Barracks, Liberator x2  
  85  9:07  Barracks  
  91  9:22  Planetary Fortress  
  91  9:23  SCV  
  91  9:24  SCV x2  
  94  9:35  SCV  
  94  9:36  SCV x2  
  97  9:42  Supply Depot x3  
  97  9:43  Supply Depot  
  97  9:44  Combat Shield, Concussive Shells  
  97  9:45  Missile Turret  
  97  9:46  Missile Turret  
  97  9:47  Missile Turret  
  97  9:48  SCV x3  
  97  9:52  Refinery  
  100  9:53  Barracks Tech Lab, Barracks Reactor x2  
  100  9:54  Barracks Reactor x3  
  100  10:00  SCV x3  
  100  10:01  Terran Infantry Weapons Level 1, Supply Depot  
  100  10:06  Engineering Bay, Armory, Liberator x2  
  109  10:15  SCV x2  
  109  10:20  Refinery  
  111  10:24  Marine  
  111  10:25  Marine x2  
  114  10:35  Marine x10  
  112  10:42  Marine x3  
  121  10:53  Marine x10  
  114  11:00  Marine x3  
  110  11:10  Marine  
  110  11:11  Marine x9  
  111  11:14  Liberator x2  
  111  11:17  Marine  
  111  11:18  Marine  
  127  11:19  Marauder  
  127  11:20  Command Center  
  130  11:28  Factory, Marine  
  130  11:29  Factory, Marine x4  
  135  11:35  Marine x4  
  135  11:36  Marine x3  
  135  11:38  Command Center  
  135  11:39  Marine  
  142  11:41  Supply Depot, Starport  
  142  11:46  Widow Mine, Marine  
  142  11:47  Marine x3  
  146  11:49  Terran Vehicle Weapons Level 1  
  146  11:50  Drilling Claws  
  149  12:02  Marine x8  
  149  12:06  Marine x4  
  153  12:29  Marine  
  141  12:30  Marine x12  
  144  12:47  Marine  
  144  12:48  Marine x2  
  144  12:49  Marine  
  144  12:50  Marine x9  
  150  13:05  Marine x3  
  151  13:07  Marine  
  151  13:08  Marauder x3, Marine x4  
  144  13:25  Marine x10  
  141  13:28  Orbital Command  
  141  13:29  SCV, Marine  
  141  13:30  SCV x2, Marauder x2  
  149  13:42  SCV, Marine  
  149  13:43  Marine x9  
  149  13:47  Marine  
  161  13:51  Marauder, Marine  
  151  14:00  Marine  
  151  14:01  Marine x9  
  161  14:05  Marauder  
  161  14:08  Marine  
  164  14:12  Marine  
  164  14:18  Marine  
  164  14:19  Marine x4  
  164  14:20  Marine x5  
  174  14:26  Marine x2  
  174  14:30  Marine  
  169  14:36  Marine x3  
  169  14:37  Marine x3  
  169  14:38  Marine x4  
  175  14:44  Marine x2  
  163  14:48  Marine  
  158  14:54  Marine x4  
  158  14:55  Marine x6  
  167  15:02  Marine x2  
  167  15:05  Marine  
  170  15:11  Marine  
  170  15:12  Marine x3  
  170  15:13  Marine x6  
  172  15:20  Marine x2  
  161  15:23  Marine  
  159  15:29  Marine  
  159  15:30  Marine x4  
  159  15:31  Marine x5  
  167  15:37  Marine  
  167  15:38  Marauder  
  167  15:41  Marine  
  167  16:04  Marine  
  167  16:05  Marine  
Show
View Real Time Build Order
Export as new Build Order

nonstickpan Zerg 

Build Orders: Hatch First 

Get SALT Encoding   

  12  0:00  Drone  
  13  0:15  Overlord  
  13  0:22  Drone  
  14  0:33  Drone x2  
  16  0:37  Drone  
  17  0:57  Hatchery  
  16  1:11  Drone x2  
  17  1:13  Drone  
  19  1:25  Extractor  
  18  1:26  Spawning Pool, Drone  
  18  1:37  Drone  
  19  1:50  Drone  
  20  1:58  Drone  
  21  2:05  Overlord  
  21  2:13  Queen  
  23  2:17  Queen  
  23  2:18  Overlord  
  25  2:31  Drone  
  25  2:33  Zergling x4  
  25  2:36  Metabolic Boost  
  28  2:40  Drone x2  
  30  2:50  Hatchery, Drone x2  
  31  2:57  Drone  
  32  3:00  Queen  
  32  3:03  Drone  
  35  3:07  Overlord  
  35  3:14  Overlord  
  34  3:34  Drone x9  
  42  3:43  Zergling x2  
  43  3:54  Zergling x4  
  45  4:00  Drone x2  
  47  4:06  Queen  
  47  4:07  Queen  
  51  4:14  Hatchery  
  50  4:20  Queen  
  52  4:37  Drone x6  
  57  5:00  Overlord  
  57  5:01  Overlord  
  57  5:02  Overlord  
  54  5:20  Spore Crawler  
  54  5:21  Spore Crawler  
  52  5:24  Spore Crawler  
  49  5:41  Drone  
  49  5:42  Drone x12  
  60  5:48  Lair  
  60  5:50  Extractor  
  60  5:55  Spore Crawler  
  56  6:02  Spore Crawler x2, Drone x6  
  60  6:13  Queen, Drone x2  
  60  6:14  Queen  
  66  6:31  Zergling x12  
  72  6:37  Drone x6  
  78  6:45  Extractor  
  78  6:46  Extractor  
  76  6:49  Drone x4  
  76  6:53  Overlord x3  
  80  6:57  Extractor  
  80  6:58  Queen, Extractor  
  79  7:11  Queen  
  79  7:12  Zergling x14  
  79  7:13  Spore Crawler  
  79  7:14  Spore Crawler  
  83  7:28  Spore Crawler  
  77  7:30  Queen x2  
  77  7:33  Spore Crawler, Queen  
  82  7:39  Drone x5  
  82  7:40  Spore Crawler, Drone x8  
  82  7:41  Spore Crawler  
  93  7:47  Queen  
  95  7:52  Spire  
  94  8:00  Drone x7  
  94  8:03  Spore Crawler  
  94  8:04  Spore Crawler  
  99  8:10  Drone x5  
  101  8:36  Overlord x2  
  101  8:37  Overlord x7  
  101  8:38  Overseer x3  
  99  8:53  Drone x3  
  99  8:54  Drone  
  103  8:56  Drone x2  
  103  8:57  Drone x2  
  107  9:04  Drone x8  
  107  9:09  Burrow  
  115  9:10  Pneumatized Carapace  
  115  9:15  Hatchery  
  112  9:26  Zergling x26  
  124  9:32  Baneling Nest  
  124  9:33  Corruptor x2  
  127  9:48  Extractor  
  127  9:50  Extractor  
  125  9:58  Hatchery  
  124  10:15  Hatchery  
  124  10:17  Hydralisk Den  
  124  10:18  Infestation Pit  
  124  10:20  Roach Warren  
  120  10:29  Baneling x13  
  120  10:30  Baneling x24  
  120  10:33  Centrifugal Hooks  
  104  11:01  Spore Crawler  
  99  11:05  Spore Crawler  
  98  11:15  Roach x23  
  98  11:16  Spore Crawler x2, Roach x3  
  148  11:19  Corruptor  
  148  11:20  Corruptor x5  
  164  11:28  Drone x4  
  164  11:31  Drone x2  
  170  11:33  Muscular Augments  
  166  11:52  Queen, Corruptor x12  
  166  11:53  Spore Crawler  
  189  11:55  Spore Crawler  
  189  11:57  Spore Crawler  
  187  12:06  Drone x6  
  193  12:17  Drone  
  190  12:36  Evolution Chamber x2  
  188  12:41  Roach x8  
  188  12:42  Roach x2  
  188  12:44  Grooved Spines  
  188  12:45  Glial Reconstitution  
  176  12:54  Roach x13  
  186  13:03  Roach x4  
  173  13:31  Roach x6  
  185  13:47  Lurker Den  
  172  14:18  Overlord  
  172  14:19  Overlord x7  
  156  14:31  Overlord  
  156  14:32  Overlord x3  
  154  14:40  Zergling x6  
  154  14:41  Zergling x26  
  142  14:52  Roach x5  
  141  15:00  Hatchery  
  141  15:03  Zergling x10  
  130  15:33  Hatchery  
  130  15:35  Zergling x12  
  105  15:47  Zergling x14  
  107  15:54  Hatchery  
Tags
 
Add a new tag
Caveats
  • Supply blocks, unpowered buildings, or Contaminate may cause inaccurate times.
  • Supply counts are checked every 10 seconds.